Map: Triton LE

Players

Bly - Winner!

  • Race: Zerg Zerg
  • Spawn Location: 5:00

goblin

  • Race: Protoss Protoss
  • Spawn Location: 11:00

Event: IEM Katowice 2020

VOD

Have the link to the VOD?

Description

Time

  • Played on: Feb. 24, 2020, 9:46 a.m.
  • Length: 4:25

All games in this series

Show
View Real Time Build Order
Export as new Build Order

Bly Zerg - Winner!

Build Orders: Pool First 

Get SALT Encoding   

  12  0:01  Drone  
  13  0:13  Overlord  
  13  0:18  Drone  
  14  0:31  Drone x2  
  16  0:46  Drone  
  17  1:14  Drone, Spawning Pool  
  17  1:18  Extractor  
  16  1:21  Drone x2  
  18  1:27  Hatchery  
  18  1:29  Extractor  
  17  1:40  Hatchery  
  17  1:44  Drone  
  17  1:47  Drone  
  17  1:49  Drone  
  19  2:01  Queen  
  19  2:04  Zergling x2  
  22  2:09  Overlord  
  22  2:31  Drone x2  
  24  2:39  Queen  
  24  2:42  Metabolic Boost  
  26  2:44  Zergling x4  
  30  2:52  Zergling x4  
  30  2:54  Queen  
  32  3:02  Zergling x2  
  32  3:03  Zergling x2  
  34  3:13  Zergling x6  
  34  3:14  Zergling x4  
  34  3:19  Zergling x2  
  39  3:29  Zergling x2  
  39  3:30  Overlord x2  
  40  3:40  Zergling x2  
  40  3:46  Zergling x2  
  40  3:54  Zergling x10  
  46  3:57  Zergling x2  
Show
View Real Time Build Order
Export as new Build Order

goblin Protoss 

Build Orders: 1 Gate Expand 

Get SALT Encoding   

  12  0:00  Probe  
  13  0:12  Probe  
  14  0:17  Pylon  
  14  0:24  Probe (Chrono Boost)  
  15  0:36  Probe (Chrono Boost)  
  15  0:40  Gateway  
  16  0:45  Probe (Chrono Boost)  
  16  0:47  Assimilator  
  17  0:51  Probe  
  18  1:03  Probe  
  20  1:23  Nexus  
  20  1:25  Probe  
  20  1:35  Cybernetics Core  
  20  1:39  Probe  
  21  1:43  Assimilator  
  21  1:50  Pylon  
  21  1:53  Probe (Chrono Boost)  
  22  2:05  Probe (Chrono Boost)  
  22  2:08  Stalker (Chrono Boost)  
  23  2:14  Probe (Chrono Boost)  
  26  2:19  Probe  
  27  2:22  Warp Gate (Chrono Boost)  
  27  2:25  Gateway  
  27  2:32  Probe  
  27  2:35  Adept  
  30  2:38  Probe  
  31  2:48  Robotics Facility  
  31  2:53  Probe  
  31  2:54  Probe  
  33  3:02  Stalker  
  33  3:07  Pylon  
  33  3:09  Probe  
  36  3:13  Probe  
  37  3:22  Probe  
  38  3:36  Pylon  
  38  3:37  Pylon  
  38  3:43  Shield Battery  
  42  3:51  Pylon  
  42  3:56  Pylon  
  42  4:03  Pylon, Cybernetics Core  
  35  4:10  Sentry  
  37  4:21  Gateway  

Tags
 
Add a new tag
Caveats
  • Supply blocks, unpowered buildings, or Contaminate may cause inaccurate times.
  • Supply counts are checked every 10 seconds.